 Dungeon Crawl Stone Soup version 0.31-a0-1499-ge0622b2318 (webtiles) character file.

Game seed: 4904865530752694967

11147 jlumianski the Grappler (level 11, -1/84 HPs)
             Began as a Gnoll Shapeshifter on Dec 29, 2023.
             Was an Elder of Wu Jian.
             Killed by vampiric draining
             ... invoked by a vampire
              (18 damage)
             ... on level 11 of the Dungeon.
             The game lasted 00:55:04 (9581 turns).

jlumianski the Grappler (Gnoll Shapeshifter)        Turns: 9581, Time: 00:55:04

Health: -1/84      AC: 10    Str: 29    XL:     11   Next: 73%
Magic:  21/21      EV: 14    Int: 12    God:    Wu Jian [****..]
Gold:   631        SH:  0    Dex: 13    Spells: 18/23 levels left

rFire   . . .        J - +5 war axe of Wacekus {freeze, rElec rCorr Int+3}
rCold   . . .        (no shield)
rNeg    . . .        q - +1 swamp dragon scales
rPois   +            (helmet currently unavailable)
rElec   +            (cloak currently unavailable)
rCorr   +            (gloves currently unavailable)
SInv    .            (boots currently unavailable)
Will    .....        E - amulet of regeneration
Stlth   +++          k - +6 ring of strength
HPRegen 1.14/turn    i - +6 ring of strength
MPRegen 0.17/turn

%: no passive effects
@: beast-form
A: beast (slay +4), fangs 1, strong nose, distributed training
a: Begin Untransformation, Renounce Religion, Wall Jump, Serpent's Lash


You were on level 11 of the Dungeon.
You worshipped Wu Jian.
Wu Jian was greatly pleased with you.
You were a hulking beast.
You visited 3 branches of the dungeon, and saw 14 of its levels.

You collected 631 gold pieces.

Inventory:

Hand Weapons
 a - a +5 morningstar
 m - a +3 war axe of electrocution
 J - the +5 war axe of Wacekus (weapon) {freeze, rElec rCorr Int+3}
   (You found it on level 5 of the Dungeon)

   Int+3:     It affects your intelligence (+3).
   rElec:     It insulates you from electricity.
   rCorr:     It protects you from acid and corrosion.
 Y - a +0 shortbow of flaming
Missiles
 r - 3 atropa-tipped darts
 s - 11 poisoned darts (quivered)
 G - 3 boomerangs
 X - 2 curare-tipped darts
Armour
 q - +1 swamp dragon scales (worn)
 w - a +0 scale mail of poison resistance
 y - a +0 pair of boots
 L - a +0 plate armour
 P - an orb of guile
 T - +0 steam dragon scales
Magical Staves
 n - a staff of cold
Jewellery
 e - a +6 ring of intelligence
 h - a ring of see invisible
 i - a +6 ring of strength (right hand)
 k - a +6 ring of strength (left hand)
 z - a ring of positive energy
 B - a +5 ring of evasion
 E - an amulet of regeneration (around neck)
 K - an amulet of faith
 Q - a +6 ring of dexterity
 V - an amulet of reflection
 W - an amulet of magic regeneration
Talismans
 c - a beast talisman
 d - a flux talisman
 O - the flux talisman of the Jackalope {rF+ MP+9}
   (You found it on level 9 of the Dungeon)

   [flux talisman]

   rF+:       It protects you from fire.
   MP+9:      It affects your magic capacity (+9).
 R - a blade talisman
Wands
 j - a wand of polymorph (6)
 v - a wand of iceblast (19)
 U - a wand of flame (16)
Scrolls
 f - 8 scrolls of teleportation
 t - a scroll of silence
 x - a scroll of enchant weapon
 A - a scroll of fog
 C - a scroll of blinking
 D - a scroll of brand weapon
 F - a scroll of fear
 I - a scroll of acquirement {unknown}
 M - 3 scrolls of poison
 Z - a scroll of enchant armour
Potions
 b - 4 potions of lignification
 g - 3 potions of brilliance
 l - 3 potions of cancellation
 o - 2 potions of haste
 p - a potion of invisibility
 u - 2 potions of resistance
 H - a potion of curing
 N - a potion of might
 S - a potion of berserk rage


   Skills:
 + Level 7.3 Fighting
 + Level 6.8 Short Blades
 + Level 6.8 Long Blades
 + Level 6.8 Axes
 + Level 6.8 Maces & Flails
 + Level 6.8 Polearms
 + Level 6.8 Staves
 + Level 6.8 Ranged Weapons
 + Level 6.8 Throwing
 + Level 6.8 Armour
 + Level 8.3 Dodging
 + Level 6.8 Stealth
 + Level 6.8 Shields
 + Level 9.5 Unarmed Combat
 + Level 6.8 Spellcasting
 + Level 5.6 Conjurations
 + Level 5.6 Hexes
 + Level 5.6 Summonings
 + Level 5.6 Necromancy
 + Level 5.6 Translocations
 + Level 5.6 Fire Magic
 + Level 5.6 Ice Magic
 + Level 5.6 Air Magic
 + Level 5.6 Earth Magic
 + Level 5.6 Alchemy
 + Level 7.5 Invocations
 + Level 6.8 Evocations
 + Level 9.1 Shapeshifting


You had 18 spell levels left.
You knew the following spells:

 Your Spells              Type           Power      Damage    Failure   Level
a - Foxfire               Conj/Fire      68%        2x1d7     2%          1
b - Ensorcelled Hibernat  Hex/Ice        34%        N/A       3%          2
c - Scorch                Fire           34%        2d6       3%          2

Your spell library contained the following spells:

 Spells                   Type           Power      Damage    Failure   Level
 Ozocubu's Armour         Ice            17%        N/A       7%          3
 Passwall                 Erth           17%        N/A       7%          3
 Swiftness                Air            17%        N/A       7%          3
 Flame Wave               Conj/Fire      17%        2d7       22%         4
 Metabolic Englaciation   Hex/Ice        8%         N/A       52%         5
 Plasma Beam              Fire/Air       8%         2x1d19    98%         6
 Sculpt Simulacrum        Ice/Alch       8%         N/A       98%         6
 Starburst                Conj/Fire      8%         6d4       98%         6
 Summon Cactus Giant      Summ           8%         N/A       98%         6


Dungeon Overview and Level Annotations

Branches:
Dungeon (12/15)            Temple (1/1) D:5             Orc (1/2) D:9
   Lair: D:8-11

Altars:
Ashenzari
Cheibriados
Dithmenos
Elyvilon
Fedhas
Gozag
Hepliaklqana
Kikubaaqudgha
Makhleb
Nemelex Xobeh
Okawaru
Qazlal
Ru
Sif Muna
Trog
Uskayaw
Vehumet
Wu Jian
Xom
Yredelemnul
Zin
The Shining One

Annotations:
D:4 Dowan, Duvessa
D:7 1 transporter, TheScarfBastard's ghost, novice DrBe
D:8 Erica


Innate Abilities, Weirdness & Mutations

You are a hulking beast.
Your limbs bulge with bestial killing power. (Slay +4)
You have very sharp teeth.
Your uncanny sense of smell can sniff out nearby items.
Your experience applies equally to all skills.


Message History

You slice something!! You freeze something.
You hear some strange, mumbled words.
You are confused.
You bump into the rock wall.
Something hits you! Something bites you.
Something draws strength from your injuries!
You miss something.
You hear some strange, mumbled words.
You are more confused.
Something draws life force from you!
You bump into the rock wall.
Something hits you. Something bites you but does no damage. Something hits you.
Something bites you!
Something draws strength from your injuries!
You hit something. Something hits you but does no damage.
Something barely misses you.
You bump into the rock wall.
You hear some strange, mumbled words.
Something tries to affect you, but you resist.
You hit something. Something hits you. Something bites you but does no damage.
You closely miss something. Something hits you. Something bites you!
* * * LOW HITPOINT WARNING * * *
Something draws strength from your injuries!
You bump into the rock wall.
Something hits you but does no damage. Something bites you but does no damage.
You closely miss something. Something barely misses you. Something bites you.
* * * LOW HITPOINT WARNING * * *
Something draws strength from your injuries!
You miss something.
You feel less confused. Something hits you but does no damage.
Something bites you but does no damage.
You feel better. Something hits you!
* * * LOW HITPOINT WARNING * * *
Something bites you.
* * * LOW HITPOINT WARNING * * *
Something draws strength from your injuries!
You slash something! You freeze something. Something hits you!
* * * LOW HITPOINT WARNING * * *
Something bites you but does no damage.
You feel better. Something draws life force from you!!
You die...

#### #.# ### #.# #.. ##
#.# ##.## ... #.# #....
.... #.# #.... ..... #.#
#.... ......######.# #....
.......†.h...#########>...
......#####...............
...:. ##.#########....
.... ∆ #.## #.... .## #..#
###.# ##.# #.. ##.......#
###.## ##. .........#
#....##### ##' #.......#
#........#####..


There were no monsters in sight!

Vanquished Creatures
  A centaur warrior (D:9)
  A two-headed ogre (D:10)
  Pikel (D:5)
  A manticore (D:8)
  A cyclops (D:9)
  Maggie (D:6)
  Jeremiah (D:6)
  A komodo dragon (D:10)
  3 trolls
  A hornet (D:9)
  Sigmund (D:5)
  2 wraiths
  2 wyverns
  9 yaks
  A steam dragon (D:10)
  Eustachio (D:6)
  Edmund (D:6)
  2 vampire mosquitoes (D:11)
  2 water moccasins
  2 black bears
  2 sky beasts
  5 orc warriors
  2 ogres
  3 centaurs
  2 phantoms (D:5)
  Blork the orc (D:6)
  3 kobold brigands
  4 bullfrogs
  A gnoll sergeant (D:11)
  3 scorpions
  11 wights
  10 killer bees
  5 howler monkeys
  A bombardier beetle (D:4)
  A crimson imp (D:6)
  2 jellies
  A quasit (D:8)
  3 hounds
  6 orc priests
  2 iguanas (D:5)
  A gnoll bouda (D:9)
  2 sleepcaps
  6 orc wizards
  8 gnolls
  4 adders
  4 shadow imps (D:8)
  2 white imps (D:8)
  4 ufetubi
  A ribbon worm (D:2)
  2 dart slugs
  23 orcs
  14 bats
  2 endoplasms (D:1)
  2 giant cockroaches
  4 goblins
  9 hobgoblins
  11 jackals
  A quokka (D:2)
  6 ball pythons
  5 frilled lizards
  15 kobolds
  3 rats
232 creatures vanquished.

Vanquished Creatures (others)
  6 foxfires
6 creatures vanquished.

Grand Total: 238 creatures vanquished

Notes
Turn   | Place    | Note
-------+----------+-------------------------------------------
     0 | D:1      | jlumianski the Gnoll Shapeshifter began the quest for the
                  | Orb.
     0 | D:1      | Reached XP level 1. HP: 17/17 MP: 1/1
    82 | D:2      | Reached XP level 2. HP: 23/23 MP: 2/2
   335 | D:1      | Reached XP level 3. HP: 27/28 MP: 3/3
   483 | D:1      | Reached skill level 1 in Invocations
  1064 | D:2      | Reached skill level 1 in Short Blades
  1064 | D:2      | Reached skill level 1 in Long Blades
  1064 | D:2      | Reached skill level 1 in Axes
  1064 | D:2      | Reached skill level 1 in Maces & Flails
  1064 | D:2      | Reached skill level 1 in Polearms
  1064 | D:2      | Reached skill level 1 in Staves
  1064 | D:2      | Reached skill level 1 in Ranged Weapons
  1064 | D:2      | Reached skill level 1 in Throwing
  1064 | D:2      | Reached skill level 1 in Armour
  1064 | D:2      | Reached skill level 1 in Stealth
  1064 | D:2      | Reached skill level 1 in Shields
  1064 | D:2      | Reached skill level 1 in Spellcasting
  1064 | D:2      | Reached skill level 1 in Evocations
  1222 | D:2      | Reached XP level 4. HP: 32/34 MP: 5/5
  1532 | D:3      | Found a sparkling altar of Nemelex Xobeh.
  1543 | D:3      | Found a glowing silver altar of Zin.
  2032 | D:3      | Reached skill level 1 in Conjurations
  2032 | D:3      | Reached skill level 1 in Hexes
  2032 | D:3      | Reached skill level 1 in Summonings
  2032 | D:3      | Reached skill level 1 in Necromancy
  2032 | D:3      | Reached skill level 1 in Translocations
  2032 | D:3      | Reached skill level 1 in Fire Magic
  2032 | D:3      | Reached skill level 1 in Ice Magic
  2032 | D:3      | Reached skill level 1 in Air Magic
  2032 | D:3      | Reached skill level 1 in Earth Magic
  2032 | D:3      | Reached skill level 1 in Alchemy
  2034 | D:3      | Found a faded altar of an unknown god.
  2161 | D:3      | Noticed a scorpion
  2167 | D:3      | Killed a scorpion
  2168 | D:3      | Reached XP level 5. HP: 34/41 MP: 5/7
  2910 | D:4      | Noticed an ogre
  2921 | D:4      | Killed an ogre
  2922 | D:4      | Reached skill level 5 in Dodging
  2922 | D:4      | Reached XP level 6. HP: 47/47 MP: 7/9
  3028 | D:5      | Entered Level 5 of the Dungeon
  3289 | D:4      | Reached XP level 7. HP: 45/52 MP: 10/10
  3363 | D:4      | Found an iron altar of Okawaru.
  3437 | D:4      | Found a hide-covered altar of Uskayaw.
  3892 | D:5      | Noticed Dowan
  3902 | D:5      | Noticed Duvessa
  4074 | D:5      | Reached XP level 8. HP: 29/60 MP: 12/12
  4109 | D:5      | Found a staircase to the Ecumenical Temple.
  4128 | D:5      | Identified the +5 war axe of Wacekus {freeze, rElec rCorr
                  | Int+3}
  4197 | Temple   | Entered the Ecumenical Temple
  4237 | Temple   | Became a worshipper of the Wu Jian Council
  4659 | D:5      | Noticed Sigmund
  4665 | D:5      | Killed Sigmund
  5079 | D:6      | Noticed Pikel
  5080 | D:6      | Noticed Jeremiah
  5114 | D:5      | Killed Pikel
  5115 | D:5      | Reached XP level 9. HP: 47/67 MP: 13/15
  5323 | D:6      | Reached skill level 5 in Fighting
  5345 | D:6      | Killed Jeremiah
  5349 | D:6      | Noticed Blork the orc
  5404 | D:6      | Killed Blork the orc
  5562 | D:7      | Reached skill level 5 in Invocations
  5716 | D:6      | Found a radiant altar of Vehumet.
  5717 | D:6      | Found a burning altar of Makhleb.
  5814 | D:6      | Reached * piety under Wu Jian
  5837 | D:6      | Noticed Eustachio
  5858 | D:6      | Killed Eustachio
  5943 | D:7      | Noticed TheScarfBastard's ghost (novice DrBe)
  6002 | D:6      | You fall into a shaft and drop 2 floors!
  6050 | D:8      | Reached skill level 5 in Short Blades
  6050 | D:8      | Reached skill level 5 in Long Blades
  6050 | D:8      | Reached skill level 5 in Axes
  6050 | D:8      | Reached skill level 5 in Maces & Flails
  6050 | D:8      | Reached skill level 5 in Polearms
  6050 | D:8      | Reached skill level 5 in Staves
  6050 | D:8      | Reached skill level 5 in Ranged Weapons
  6050 | D:8      | Reached skill level 5 in Throwing
  6050 | D:8      | Reached skill level 5 in Armour
  6050 | D:8      | Reached skill level 5 in Stealth
  6050 | D:8      | Reached skill level 5 in Shields
  6050 | D:8      | Reached skill level 5 in Spellcasting
  6050 | D:8      | Reached skill level 5 in Evocations
  6050 | D:8      | Reached XP level 10. HP: 75/76 MP: 17/17
  6414 | D:6      | Noticed Edmund
  6420 | D:6      | Killed Edmund
  6437 | D:6      | Noticed Maggie
  6453 | D:6      | Killed Maggie
  6476 | D:6      | Learned a level 1 spell: Foxfire
  6479 | D:6      | Learned a level 2 spell: Ensorcelled Hibernation
  6671 | D:8      | Noticed a manticore
  6674 | D:8      | Killed a manticore
  6685 | D:8      | Learned a level 2 spell: Scorch
  6763 | D:7      | Identified the ring "Agihetet" {rElec rC+}
  6780 | D:7      | Found a transporter.
  6780 | D:7      | Found a transporter.
  7020 | D:7      | Reached ** piety under Wu Jian
  7797 | D:8      | Noticed Erica
  8024 | D:9      | Reached skill level 5 in Conjurations
  8024 | D:9      | Reached skill level 5 in Hexes
  8024 | D:9      | Reached skill level 5 in Summonings
  8024 | D:9      | Reached skill level 5 in Necromancy
  8024 | D:9      | Reached skill level 5 in Translocations
  8024 | D:9      | Reached skill level 5 in Fire Magic
  8024 | D:9      | Reached skill level 5 in Ice Magic
  8024 | D:9      | Reached skill level 5 in Air Magic
  8024 | D:9      | Reached skill level 5 in Earth Magic
  8024 | D:9      | Reached skill level 5 in Alchemy
  8047 | D:9      | Found a staircase to the Orcish Mines.
  8056 | Orc:1    | Entered Level 1 of the Orcish Mines
  8106 | D:9      | Reached XP level 11. HP: 64/83 MP: 11/20
  8108 | D:9      | Upgraded the game from 0.31-a0-1469-gd420192249 to
                  | 0.31-a0-1499-ge0622b2318
  8305 | D:9      | Reached *** piety under Wu Jian
  8376 | D:9      | Noticed a cyclops
  8380 | D:9      | Noticed a centaur warrior
  8386 | D:9      | Killed a cyclops
  8386 | D:9      | Killed a centaur warrior
  8571 | D:9      | Identified the flux talisman of the Jackalope {rF+ MP+9}
  8685 | D:10     | Entered Level 10 of the Dungeon
  9059 | D:10     | Noticed a two-headed ogre
  9070 | D:10     | Killed a two-headed ogre
  9461 | D:11     | Reached **** piety under Wu Jian
  9581 | D:11     | Killed from afar by a vampire

Illustrated notes

Levels and vault maps discovered:
D:1:      roderic_octagonal_star, layout_basic
D:2:      layout_loops_cross
D:3:      layout_basic, mainiacjoe_overflow_swirl, basic_ecumenical_altar
D:4:      layout_basic, mainiacjoe_overflow_boulevard, marbit_many_paths
D:5:      layout_basic, temple_pool_b, uniq_sigmund, uniq_duvessa
D:6:      layout_loops_ring, grunt_temple_overflow_lords_of_destruction,
          uniq_eustachio, uniq_edmund, uniq_blork_the_orc, uniq_jeremiah,
          uniq_maggie, uniq_pikel
D:7:      layout_loops_corners, gammafunk_ghost_gnarly_gnolls,
          nicolae_twisty_statue_hallways
D:8:      layout_basic, serial_demonic, serial_demonic_a, serial_demonic_e,
          serial_demonic_g, serial_demonic_g, uniq_erica
D:9:      layout_roguey, hiddenorc1_lemuel, minmay_diced_spiral
D:10:     layout_basic, serial_bayou, serial_bayou_crossing,
          serial_bayou_lagoon_a, serial_bayou_shore_a, serial_bayou_pond_c,
          einodemon_armed_red_devil_minivault
D:11:     layout_roguey, lair_entry_dummy, serial_shops, nicolae_shop_crystal
D:12:     layout_loops_ring, nrook_loot_triangle, chequers_arboretum,
          uniq_rupert
Temple:   eino_temple_rhombus
Orc:1:    layout_caves, bh_open_orc_temple

Skill      XL: |  1  2  3  4  5  6  7  8  9 10 11 |
---------------+----------------------------------+-----
Invocations    | 1 2 3 4 5 6 7 |  7.5
Short Blades   | 1 2 3 4 5 6 |  6.8
Long Blades    | 1 2 3 4 5 6 |  6.8
Axes           | 1 2 3 4 5 6 |  6.8
Maces & Flails | 1 2 3 4 5 6 |  6.8
Polearms       | 1 2 3 4 5 6 |  6.8
Staves         | 1 2 3 4 5 6 |  6.8
Ranged Weapons | 1 2 3 4 5 6 |  6.8
Throwing       | 1 2 3 4 5 6 |  6.8
Armour         | 1 2 3 4 5 6 |  6.8
Stealth        | 1 2 3 4 5 6 |  6.8
Shields        | 1 2 3 4 5 6 |  6.8
Spellcasting   | 1 2 3 4 5 6 |  6.8
Evocations     | 1 2 3 4 5 6 |  6.8
Conjurations   | 1 2 3 4 5 |  5.6
Hexes          | 1 2 3 4 5 |  5.6
Summonings     | 1 2 3 4 5 |  5.6
Necromancy     | 1 2 3 4 5 |  5.6
Translocations | 1 2 3 4 5 |  5.6
Fire Magic     | 1 2 3 4 5 |  5.6
Ice Magic      | 1 2 3 4 5 |  5.6
Air Magic      | 1 2 3 4 5 |  5.6
Earth Magic    | 1 2 3 4 5 |  5.6
Alchemy        | 1 2 3 4 5 |  5.6
Fighting       | 3 4 5 6 7 |  7.3
Dodging        | 5 6 7 8 |  8.3
Unarmed Combat | 7 8 9 |  9.5
Shapeshifting  | 7 8 9 |  9.1

Action                     |  1- 3 |  4- 6 |  7- 9 | 10-12 || total
---------------------------+-------+-------+-------+-------++-------
  Melee: Unarmed           |    77 |     1 |       |       ||    78
         Punch             |     1 |       |     6 |    21 ||    28
         Bite              |     5 |     2 |    18 |    39 ||    64
         War axe           |       |    54 |   209 |   320 ||   583
  Throw: Dart              |       |     8 |    11 |    31 ||    50
   Cast: Ensorcelled Hiber |       |       |       |     4 ||     4
         Foxfire           |       |       |       |     3 ||     3
         Scorch            |       |       |       |     2 ||     2
Ability: Lunge             |       |       |    25 |    37 ||    62
         Wall Jump         |       |       |       |    24 ||    24
         Whirlwind         |       |       |       |    16 ||    16
  Evoke: Wand              |       |       |     4 |       ||     4
    Use: Scroll            |     1 |     1 |     7 |    12 ||    21
         Potion            |       |     2 |     3 |     3 ||     8
   Stab: Sleeping          |     1 |       |     1 |     1 ||     3
         Distracted        |       |       |       |     1 ||     1
 Armour: Animal skin       |     6 |       |       |       ||     6
         Leather armour    |    39 |       |       |       ||    39
         Ring mail         |     2 |    31 |    50 |       ||    83
         Plate armour      |       |       |    85 |    55 ||   140
         Swamp dragon scal |       |       |       |   203 ||   203
  Dodge: Dodged            |    54 |    48 |    93 |   232 ||   427

Table legend: (Time is in decaauts)
 A = Elapsed time spent in this place.
 B = Non-inter-level travel time spent in this place.
 C = Inter-level travel time spent in this place.
 D = Time resting spent in this place.
 E = Time spent auto-exploring this place.
 F = Levels seen in this place.
 G = Mean time per level.
                   A        B        C        D        E       F      G
               +--------+--------+--------+--------+--------+-----+--------+
         Total |   9736 |   9428 |    308 |    577 |   4630 |  14 |  695.4 |
       Dungeon |   9629 |   9344 |    285 |    577 |   4626 |  12 |  802.4 |
        Temple |     65 |     42 |     23 |      0 |      4 |   1 |   65.0 |
  Orcish Mines |     41 |     41 |      0 |      0 |      0 |   1 |   41.0 |
               +--------+--------+--------+--------+--------+-----+--------+

Top non-repeatable levels by time:
     D:5: 1316 daAuts
     D:3: 1125 daAuts
     D:4: 1109 daAuts
     D:9: 1094 daAuts
     D:7: 1078 daAuts
     D:6: 999 daAuts
     D:1: 869 daAuts
     D:8: 706 daAuts
     D:2: 679 daAuts
    D:10: 508 daAuts
    D:11: 140 daAuts
  Temple: 65 daAuts
   Orc:1: 41 daAuts
    D:12: 1 daAuts
